General information
- name: BNet
- type: Ladder team game (AT/RT)
- host: Battle.net
- saver: Blahsmack
map: Highperch
- players: 6
- length: 65:42
- speed: Fast
- version: 1.21 W3XP
- replay type: Public
» download(222 KB)
Players
team 1 (winner)
LUCKYSHOT187 (
green | 35 APM | 2307 actions | 65:40)
3 Far Seer
2 Feral Spirit
1 Chain Lighting
2 Shadow Hunter
1 Healing Wave
1 Hex
» actions
| Assign group hotkey | 27 | |
| Basic commands | 51 | |
| Build / train | 80 | |
| Enter build submenu | 24 | |
| Enter hero's abilities submenu | 5 | |
| Give item / drop item | 1 | |
| Right click | 772 | |
| Select / deselect | 528 | |
| Select group hotkey | 670 | |
| Use ability | 149 | |
2307 total
» units
| Peon | 15 | |
| Raider | 15 | |
| Wind Rider | 1 | |
| Troll Batrider | 17 | |
48 total
» upgrades
| Spiked Barricades | 2 | |
| Melee Weapons | 2 | |
| Pillage | 1 | |
| Ensnare | 1 | |
| Armor | 2 | |
| Reinforced Defenses | 1 | |
| Liquid Fire | 2 | |
11 total
» buildings
| Altar of Storms | 1 | |
| Orc Burrow | 8 | |
| War Mill | 1 | |
| Watch Tower | 4 | |
| Stronghold | 1 | |
| Beastiary | 2 | |
| Voodoo Lounge | 1 | |
| Fortress | 1 | |
19 total
» build order
00:03 Altar of Storms
00:06 Orc Burrow
00:45 War Mill
01:33 Orc Burrow
01:58 Watch Tower
02:54 Stronghold
03:13 Orc Burrow
04:21 Orc Burrow
04:49 Watch Tower
05:26 Beastiary
05:49 Beastiary
06:00 Orc Burrow
06:29 Voodoo Lounge
09:45 Watch Tower
11:13 Watch Tower
11:55 Orc Burrow
13:35 Fortress
16:00 Orc Burrow
16:55 Orc Burrow
» items
| Scroll of Town Portal | 1 | |
| Scroll of Protection | 2 | |
| Scroll of Healing | 1 | |
| Boots of Speed | 1 | |
5 total
Ryn (
red | 24 APM | 764 actions | 31:43)
4 Demon Hunter
2 Immolation
2 Mana Burn
» actions
| Assign group hotkey | 18 | |
| Build / train | 56 | |
| Enter build submenu | 20 | |
| Enter hero's abilities submenu | 4 | |
| Remove unit from queue | 1 | |
| Right click | 296 | |
| Select / deselect | 164 | |
| Select group hotkey | 169 | |
| Use ability | 36 | |
764 total
» units
| Wisp | 22 | |
| Archer | 2 | |
| Huntress | 8 | |
| Mountain Giant | 9 | |
41 total
» upgrades
| Moon Armor | 1 | |
| Reinforced Hides | 2 | |
| Hardened Skin | 1 | |
| Resistant Skin | 1 | |
5 total
» buildings
| Altar of Elders | 1 | |
| Moon Well | 7 | |
| Ancient of War | 1 | |
| Hunter's Hall | 1 | |
| Ancient of Wonders | 1 | |
| Tree of Ages | 1 | |
| Ancient Protector | 4 | |
| Ancient of Lore | 2 | |
| Tree of Eternity | 1 | |
| Tree of Life | 1 | |
20 total
» build order
00:08 Altar of Elders
00:17 Moon Well
01:09 Ancient of War
01:41 Moon Well
02:27 Hunter's Hall
02:37 Moon Well
03:36 Moon Well
04:31 Moon Well
05:28 Moon Well
05:33 Ancient of Wonders
05:59 Tree of Ages
06:25 Moon Well
06:36 Ancient Protector
08:29 Ancient Protector
08:46 Ancient of Lore
11:55 Ancient of Lore
12:20 Tree of Eternity
12:35 Tree of Life
19:41 Ancient Protector
19:45 Ancient Protector
» items
Blahsmack (
purple | 26 APM | 1713 actions | 65:42)
3 Archmage
2 Blizzard
1 Brilliance Aura
3 Goblin Tinker
1 Pocket Factory
2 Engineering Upgrade
» actions
| Basic commands | 46 | |
| Build / train | 139 | |
| Enter build submenu | 75 | |
| Enter hero's abilities submenu | 5 | |
| Give item / drop item | 4 | |
| Remove unit from queue | 2 | |
| Right click | 618 | |
| Select / deselect | 555 | |
| Use ability | 269 | |
1713 total
» units
| Peasant | 22 | |
| Dragonhawk Rider | 8 | |
| Sorceress | 2 | |
32 total
» upgrades
| Masonry | 3 | |
| Lumber Harvesting | 2 | |
| Cloud | 1 | |
| Animal War Training | 1 | |
| Magic Sentry | 1 | |
| Sorceress Training | 2 | |
| Swords | 3 | |
| Armor | 3 | |
16 total
» buildings
| Altar of Kings | 1 | |
| Barracks | 2 | |
| Lumber Mill | 3 | |
| Farm | 17 | |
| Scout Tower | 124 | |
| Arcane Tower | 4 | |
| Guard Tower | 58 | |
| Town Hall | 1 | |
| Keep | 2 | |
| Blacksmith | 1 | |
| Arcane Vault | 2 | |
| Castle | 2 | |
| Gryphon Aviary | 3 | |
| Arcane Sanctum | 1 | |
221 total
» build order
00:15 Altar of Kings
00:22 Barracks
00:29 Barracks
00:41 Lumber Mill
00:59 Farm
01:12 Farm
01:50 Scout Tower
01:53 Scout Tower
01:59 Scout Tower
02:22 Farm
02:28 Arcane Tower
02:50 Guard Tower
02:59 Farm
04:19 Farm
04:52 Town Hall
05:27 Keep
05:38 Scout Tower
05:39 Scout Tower
05:40 Scout Tower
05:41 Scout Tower
05:42 Scout Tower
05:43 Scout Tower
05:44 Scout Tower
05:45 Scout Tower
06:05 Farm
06:37 Blacksmith
06:44 Lumber Mill
06:50 Guard Tower
06:50 Guard Tower
06:58 Guard Tower
06:58 Guard Tower
07:32 Scout Tower
07:33 Scout Tower
07:36 Scout Tower
07:37 Scout Tower
07:47 Arcane Vault
08:30 Castle
08:35 Guard Tower
09:05 Scout Tower
09:05 Scout Tower
09:06 Scout Tower
09:08 Scout Tower
09:08 Scout Tower
09:27 Guard Tower
09:27 Guard Tower
09:27 Guard Tower
09:31 Guard Tower
10:12 Gryphon Aviary
10:50 Scout Tower
10:51 Scout Tower
10:52 Scout Tower
10:53 Scout Tower
10:54 Scout Tower
10:54 Scout Tower
11:19 Gryphon Aviary
11:24 Guard Tower
11:36 Scout Tower
11:37 Scout Tower
11:37 Scout Tower
12:31 Guard Tower
12:31 Guard Tower
12:45 Guard Tower
12:57 Arcane Tower
12:59 Guard Tower
13:37 Guard Tower
13:47 Guard Tower
13:47 Guard Tower
14:07 Arcane Sanctum
19:40 Scout Tower
19:42 Scout Tower
19:44 Scout Tower
20:44 Guard Tower
20:48 Scout Tower
20:55 Gryphon Aviary
21:07 Lumber Mill
22:15 Guard Tower
22:29 Keep
23:13 Scout Tower
23:14 Scout Tower
23:15 Scout Tower
23:17 Scout Tower
23:18 Scout Tower
23:19 Scout Tower
23:29 Scout Tower
23:30 Scout Tower
23:32 Scout Tower
23:33 Scout Tower
23:35 Scout Tower
23:36 Scout Tower
23:38 Scout Tower
23:43 Scout Tower
23:44 Scout Tower
24:08 Guard Tower
24:20 Guard Tower
24:41 Guard Tower
25:07 Guard Tower
25:09 Scout Tower
25:12 Scout Tower
25:12 Scout Tower
25:17 Scout Tower
25:19 Scout Tower
25:23 Scout Tower
25:34 Guard Tower
26:10 Scout Tower
26:24 Scout Tower
26:25 Scout Tower
26:27 Scout Tower
26:38 Scout Tower
26:43 Scout Tower
26:47 Scout Tower
26:50 Scout Tower
26:51 Scout Tower
26:54 Scout Tower
26:56 Scout Tower
27:00 Scout Tower
27:00 Scout Tower
27:01 Scout Tower
27:05 Guard Tower
27:10 Scout Tower
27:12 Scout Tower
27:14 Scout Tower
27:17 Scout Tower
27:25 Guard Tower
27:30 Guard Tower
27:36 Scout Tower
27:46 Guard Tower
27:52 Scout Tower
27:53 Scout Tower
27:58 Scout Tower
28:00 Scout Tower
28:02 Guard Tower
28:02 Guard Tower
28:13 Guard Tower
28:27 Guard Tower
28:31 Guard Tower
28:34 Castle
28:38 Scout Tower
28:42 Scout Tower
28:43 Scout Tower
28:49 Scout Tower
28:50 Scout Tower
28:57 Scout Tower
28:58 Scout Tower
29:07 Guard Tower
29:18 Scout Tower
29:21 Scout Tower
29:26 Scout Tower
29:30 Guard Tower
29:30 Guard Tower
29:30 Guard Tower
30:01 Guard Tower
30:04 Scout Tower
30:11 Scout Tower
30:14 Scout Tower
30:40 Scout Tower
30:43 Scout Tower
30:44 Guard Tower
31:07 Guard Tower
31:09 Guard Tower
31:15 Scout Tower
31:19 Scout Tower
31:20 Scout Tower
31:22 Scout Tower
31:30 Scout Tower
31:34 Scout Tower
31:36 Scout Tower
31:41 Scout Tower
31:42 Scout Tower
31:50 Guard Tower
31:55 Scout Tower
31:56 Scout Tower
32:07 Scout Tower
32:08 Scout Tower
32:19 Scout Tower
32:21 Scout Tower
32:26 Scout Tower
32:27 Scout Tower
32:49 Guard Tower
32:51 Guard Tower
33:09 Scout Tower
33:11 Guard Tower
33:14 Guard Tower
33:18 Scout Tower
33:23 Scout Tower
33:29 Scout Tower
33:30 Scout Tower
33:53 Guard Tower
34:03 Scout Tower
34:08 Scout Tower
34:13 Guard Tower
34:13 Guard Tower
34:22 Scout Tower
34:25 Scout Tower
34:29 Scout Tower
34:38 Guard Tower
34:56 Farm
34:58 Farm
34:59 Farm
35:01 Farm
35:02 Farm
35:19 Farm
35:25 Farm
35:27 Guard Tower
35:39 Guard Tower
35:45 Scout Tower
36:19 Farm
36:21 Farm
36:55 Arcane Vault
37:25 Guard Tower
37:30 Scout Tower
37:35 Scout Tower
37:39 Scout Tower
38:33 Arcane Tower
38:50 Farm
39:31 Farm
64:13 Scout Tower
64:40 Arcane Tower
» items
| Staff of Teleportation | 2 | |
| Orb of Lightning | 1 | |
| Tiny Great Hall | 1 | |
| Scroll of Town Portal | 2 | |
| Orb of Fire | 2 | |
| Ivory Tower | 2 | |
10 total
team 2 (loser)
durhamster (
orange | 29 APM | 1312 actions | 45:17)
7 Archmage
2 Summon Water Elemental
3 Blizzard
1 Mass Teleport
1 Brilliance Aura
» actions
| Basic commands | 2 | |
| Build / train | 80 | |
| Enter build submenu | 36 | |
| Enter hero's abilities submenu | 7 | |
| Remove unit from queue | 6 | |
| Right click | 637 | |
| Select / deselect | 496 | |
| Use ability | 48 | |
1312 total
» units
| Peasant | 8 | |
| Footman | 13 | |
| Rifleman | 3 | |
| Gryphon Rider | 16 | |
| Mortar Team | 8 | |
| Dragonhawk Rider | -1 | |
47 total
» upgrades
| Swords | 3 | |
| Storm Hammers | 1 | |
| Animal War Training | 1 | |
| Plating | 0 | |
| Armor | 3 | |
| Gunpowder | 1 | |
| Flare | 1 | |
| Cloud | 1 | |
11 total
» buildings
| Altar of Kings | 1 | |
| Farm | 14 | |
| Barracks | 2 | |
| Lumber Mill | 2 | |
| Keep | 1 | |
| Blacksmith | 1 | |
| Gryphon Aviary | 2 | |
| Castle | 1 | |
| Arcane Vault | 1 | |
| Town Hall | 1 | |
| Scout Tower | 6 | |
| Guard Tower | 6 | |
| Workshop | 2 | |
40 total
» build order
00:05 Altar of Kings
00:07 Farm
00:31 Barracks
00:46 Barracks
01:41 Farm
02:18 Farm
02:52 Lumber Mill
02:57 Lumber Mill
03:27 Farm
03:33 Farm
04:02 Keep
04:22 Farm
05:02 Farm
05:42 Farm
06:30 Blacksmith
07:46 Farm
07:51 Gryphon Aviary
07:56 Castle
09:18 Arcane Vault
09:59 Farm
10:26 Gryphon Aviary
13:55 Farm
17:38 Farm
18:39 Town Hall
26:16 Scout Tower
27:26 Scout Tower
27:27 Guard Tower
28:42 Guard Tower
28:43 Scout Tower
29:37 Guard Tower
29:40 Scout Tower
31:15 Scout Tower
31:17 Guard Tower
31:51 Workshop
31:52 Guard Tower
33:03 Workshop
34:10 Farm
34:16 Scout Tower
35:38 Guard Tower
35:47 Farm
» items
motasports (
teal | 15 APM | 815 actions | 55:16)
6 Blademaster
3 Wind Walk
2 Mirror Image
1 Bladestorm
» actions
| Assign group hotkey | 15 | |
| Basic commands | 107 | |
| Build / train | 92 | |
| Enter build submenu | 22 | |
| Enter hero's abilities submenu | 6 | |
| Remove unit from queue | 2 | |
| Right click | 184 | |
| Select / deselect | 287 | |
| Select group hotkey | 68 | |
| Use ability | 32 | |
815 total
» units
| Peon | 10 | |
| Grunt | 9 | |
| Shaman | 6 | |
| Tauren | 5 | |
| Demolisher | 6 | |
| Troll Batrider | 19 | |
55 total
» upgrades
| Berserker Strength | 1 | |
| Shaman Training | 2 | |
| Pulverize | 1 | |
| Witch Doctor Training | 2 | |
| Armor | 3 | |
| Melee Weapons | 3 | |
| Ranged Weapons | 3 | |
| Spiked Barricades | 3 | |
| Reinforced Defenses | 1 | |
| Pillage | 1 | |
| Burning Oil | 1 | |
| Liquid Fire | 1 | |
| War Drums Damage Increase | 1 | |
23 total
» buildings
| Orc Burrow | 9 | |
| Barracks | 1 | |
| Altar of Storms | 1 | |
| War Mill | 1 | |
| Voodoo Lounge | 1 | |
| Stronghold | 1 | |
| Fortress | 1 | |
| Spirit Lodge | 2 | |
| Tauren Totem | 3 | |
| Great Hall | 1 | |
| Beastiary | 3 | |
24 total
» build order
00:23 Orc Burrow
00:38 Barracks
00:51 Altar of Storms
01:33 Orc Burrow
01:51 War Mill
03:11 Orc Burrow
04:11 Voodoo Lounge
05:03 Stronghold
05:17 Orc Burrow
05:35 Orc Burrow
08:01 Fortress
09:03 Spirit Lodge
09:07 Spirit Lodge
09:47 Orc Burrow
09:48 Orc Burrow
10:27 Tauren Totem
10:28 Tauren Totem
10:30 Tauren Totem
19:19 Orc Burrow
19:23 Orc Burrow
21:37 Great Hall
34:43 Beastiary
34:46 Beastiary
35:50 Beastiary
» items
| Orb of Lightning | 1 | |
| Scroll of Town Portal | 1 | |
| Potion of Healing | 1 | |
3 total
TheKohsei (
pink | 27 APM | 1743 actions | 65:40)
7 Demon Hunter
3 Mana Burn
3 Immolation
1 Metamorphosis
» actions
| Assign group hotkey | 12 | |
| Basic commands | 213 | |
| Build / train | 65 | |
| Enter build submenu | 19 | |
| Enter hero's abilities submenu | 7 | |
| Remove unit from queue | 3 | |
| Right click | 866 | |
| Select / deselect | 374 | |
| Select group hotkey | 115 | |
| Use ability | 69 | |
1743 total
» units
| Wisp | 14 | |
| Archer | 5 | |
| Huntress | 9 | |
| Druid of the Claw | 5 | |
| Glaive Thrower | 6 | |
| Gryphon Rider | 1 | |
40 total
» upgrades
| Druid of the Claw Training | 2 | |
| Ultravision | 1 | |
| Strength of the Moon | 1 | |
| Upgrade Moon Glaive | 1 | |
| Mark of the Claw | 1 | |
| Abolish Magic | 1 | |
7 total
» buildings
| Altar of Elders | 1 | |
| Moon Well | 7 | |
| Ancient of War | 1 | |
| Hunter's Hall | 1 | |
| Tree of Ages | 2 | |
| Ancient Protector | 2 | |
| Ancient of Lore | 1 | |
| Tree of Eternity | 2 | |
| Tree of Life | 2 | |
19 total
» build order
00:07 Altar of Elders
00:13 Moon Well
01:10 Ancient of War
02:16 Moon Well
02:49 Moon Well
03:28 Hunter's Hall
04:30 Tree of Ages
05:48 Ancient Protector
08:16 Ancient of Lore
08:20 Moon Well
09:44 Ancient Protector
10:36 Tree of Eternity
11:43 Tree of Eternity
12:09 Moon Well
12:46 Moon Well
21:28 Tree of Life
22:33 Moon Well
29:57 Tree of Life
54:02 Tree of Ages
59:53 Tree of Eternity
» items
| Staff of Teleportation | 1 | |
| Potion of Lesser Invulnerability | 2 | |
3 total
Chat log
(00:22 / Allies) Ryn: hi
(02:01 / Allies) Ryn: u guys got a plan?
(02:46 / Allies) Blahsmack: im harassing
(02:51 / Allies) Ryn: k
(05:23 / Allies) Ryn: how are u suposed to get ot that green camp with the building next to it
(06:14 / Allies) Blahsmack: builda shop green
(07:16 / Allies) Blahsmack: burrow
(07:28 / Allies) Blahsmack: buidl towers
(10:49 / Allies) Ryn: do u guys think i can clear that creep camp over there
(10:59 / Allies) Ryn: yeah
(11:38 / Allies) Ryn: thanks
(13:28 / Allies) Blahsmack: tech
(13:41 / Allies) Blahsmack: red
(13:44 / Allies) Blahsmack: can i have some lumber
(13:52 / Allies) Ryn: i have very little sry
(13:56 / Allies) Blahsmack: uggh
(14:01 / Allies) Blahsmack: make more wisps
(14:12 / Allies) Ryn: once this thing upgrades
(17:21 / Allies) Ryn: wat about that
(17:29 / Allies) Blahsmack: ill be up there
(17:30 / Allies) Blahsmack: soon
(18:36 / Allies) Ryn: attack
(19:07 / Allies) Ryn: where to
(19:28 / Allies) Ryn: haha cheap
(21:45 / Allies) Ryn: we could use ur help with the air purple
(21:54 / Allies) Blahsmack: come up to my perch
(21:56 / Allies) Blahsmack: get some air
(22:00 / Allies) Blahsmack: and coem to my perch
(24:36 / All) motasports: mass giants lol
(24:50 / All) Ryn: mighta worked if my team did anything
(24:54 / Allies) Blahsmack: damn it
(24:54 / Allies) Blahsmack: red
(24:59 / Allies) Blahsmack: i told you come to my perch
(25:22 / Allies) Ryn: no gold to come out if i did
(26:30 / Allies) Ryn: no way to get up there...
(27:06 / Allies) Ryn: ahah the strange thing is we might win this if they get pissed
(28:51 / Allies) Ryn: ...
(29:00 / Allies) Ryn: how is that gonna help get up tehre
(29:09 / All) LUCKYSHOT187: lol
(29:27 / All) TheKohsei: wow u guys
(29:29 / All) TheKohsei: seriously
(29:32 / All) TheKohsei: turtling?
(29:33 / All) LUCKYSHOT187: IDIOT
(29:45 / All) TheKohsei: thats a new low
(29:52 / All) Ryn: not my idea...
(30:03 / All) LUCKYSHOT187: PURPLE IS A FUCKIN IDIOT
(30:16 / Allies) Ryn: ur gonna have to build more towers
(30:17 / All) LUCKYSHOT187: HOW YOU GONNA WIN A BATTLE WITH MASS TOWERS
(30:29 / All) LUCKYSHOT187: LOL
(30:42 / Allies) Ryn: repair
(30:47 / Allies) Blahsmack: lumber
(30:53 / Allies) Blahsmack: no
(30:54 / Allies) Blahsmack: re
(30:55 / Allies) Blahsmack: wtf
(30:57 / Allies) Blahsmack: harvest wood
(30:58 / Allies) Blahsmack: for me
(31:01 / Allies) Blahsmack: wtf\
(31:14 / All) LUCKYSHOT187: LOL
(31:35 / All) LUCKYSHOT187: YOU GUYS GOTTA WATCH THE REPLAY
(31:43 / All) motasports: pois
(32:02 / All) TheKohsei: just wait guys
(32:07 / All) TheKohsei: this will all be over soon
(32:13 / All) TheKohsei: we just siege out the towers
(32:35 / All) durhamster: WTF
(32:46 / All) LUCKYSHOT187: LOL
(32:50 / All) TheKohsei: wow
(32:51 / All) TheKohsei: ggggay
(32:53 / All) durhamster: lol
(32:58 / All) LUCKYSHOT187: SERIOUSLY GAY
(33:03 / All) LUCKYSHOT187: LOL
(33:40 / Allies) LUCKYSHOT187: GIVE RED GOLD
(34:47 / All) TheKohsei: wait... how did purp get up there
(34:58 / All) LUCKYSHOT187: DUNNO
(35:02 / All) LUCKYSHOT187: WATCH REPLAY
(35:10 / All) TheKohsei: lolz
(35:14 / All) TheKohsei: this is dumb as hell
(35:28 / All) LUCKYSHOT187: FUCKIN GUY DID THIS THE WHOLE GAME
(36:28 / All) Blahsmack: use the zepplin
(36:38 / All) TheKohsei: where the hell did u get the zeppelin
(36:47 / All) TheKohsei: thats what I wanna fucking know
(36:50 / All) LUCKYSHOT187: 9 OCLOCK
(37:16 / All) TheKohsei: oh lolz
(37:24 / All) TheKohsei: holy cock
(37:30 / All) TheKohsei: wtf is purp doing
(37:36 / All) TheKohsei: this is gonan be fun
(37:45 / All) LUCKYSHOT187: NO SHIT
(37:51 / All) LUCKYSHOT187: WE COULD POSSIBLY WIN
(37:58 / All) Blahsmack: ahahhaa
(38:01 / All) TheKohsei: when we finally beat the shit out of purp
(38:03 / All) Blahsmack: green get out
(38:07 / All) TheKohsei: kk
(38:15 / All) Blahsmack: i had to put your nub ass down like the dog you are green
(38:25 / All) Blahsmack: you wanted to undermine me
(38:38 / All) LUCKYSHOT187: LOL
(39:01 / All) durhamster: i d
(39:18 / All) LUCKYSHOT187: HOW THE FUCK DID HE GET UP THERE?
(39:26 / All) Blahsmack: youre an idiot green
(40:16 / All) Blahsmack: the other team might have an idea but you green you dont you dont think you dont even know what the fuck youre even doing
(40:19 / All) Blahsmack: do you
(40:23 / Allies) Blahsmack: ?
(40:45 / All) LUCKYSHOT187: NEVER SEEN THIS B4
(42:41 / All) LUCKYSHOT187: WTF
(42:42 / All) Blahsmack: mm hmmm
(42:44 / All) LUCKYSHOT187: LOLZ
(43:10 / All) durhamster: u didnt mass tp, purp so how did u do it?
(43:15 / All) TheKohsei: he hacked
(43:18 / All) Blahsmack: i massed tp
(43:20 / All) Blahsmack: fool
(43:22 / All) TheKohsei: its obvious
(43:31 / All) Blahsmack: this is a good game
(43:33 / All) TheKohsei: he hacked
(43:35 / All) durhamster: oh
(43:38 / All) durhamster: a staff of tp
(43:41 / All) durhamster: i see
(43:42 / All) Blahsmack: huuuurr
(43:46 / All) Blahsmack: nothing gets by you orange
(43:57 / All) TheKohsei: yeah
(44:01 / All) TheKohsei: what the hell
(44:05 / All) TheKohsei: how r we gonna do this
(44:17 / All) Blahsmack: you waste all your gold first
(44:20 / All) LUCKYSHOT187: YOU GUYS GOTTA QUIT
(44:22 / All) durhamster: well my mine is about up
(44:23 / All) Blahsmack: then you pretend to go afk
(44:32 / All) Blahsmack: then you wait 9 more hours
(44:38 / All) Blahsmack: while i do my homework
(44:41 / All) Blahsmack: then you lose
(44:46 / All) LUCKYSHOT187: I HAVE ALL DAY
(44:52 / All) TheKohsei: teal, got any suggestions
(44:56 / All) durhamster: i dont have all day
(45:02 / All) durhamster: luckly i got a life
(45:14 / All) durhamster: gg though, very clever purple
(45:28 / All) TheKohsei: I'd rather do other stuff
(45:36 / Allies) Blahsmack: then go do it
(45:40 / All) Blahsmack: then go do it'
(45:45 / All) Blahsmack: cease the day
(45:46 / All) TheKohsei: I just don't get how he got his peasant up
(45:51 / All) Blahsmack: cape deim
(45:52 / All) TheKohsei: oh he used backpack
(46:04 / All) Blahsmack: carpe deim*
(46:30 / All) TheKohsei: teal
(46:34 / All) TheKohsei: u still there?
(46:44 / All) Blahsmack: go afk please
(46:51 / All) Blahsmack: its not like ive encounterd that strat before!
(46:52 / All) TheKohsei: fuck u purp
(46:56 / All) Blahsmack: fuck me
(46:58 / All) Blahsmack: ?
(46:59 / All) Blahsmack: no
(47:03 / All) Blahsmack: FUCK YOU!
(47:06 / All) TheKohsei: go suck a dick
(47:07 / All) TheKohsei: fag
(47:16 / All) Blahsmack: from the looks of things
(47:21 / All) Blahsmack: specially from this perch
(47:27 / All) TheKohsei: u must play this so much that u find little cheap loopholes like taht
(47:32 / All) Blahsmack: it looks like your mouth is tightly wrapped around my shlong
(47:43 / All) TheKohsei: is it?
(47:45 / All) Blahsmack: it is
(47:49 / All) TheKohsei: ur not anywhere near me
(47:55 / All) TheKohsei: unless...
(47:59 / All) TheKohsei: ur stalking me
(48:11 / All) TheKohsei: and imagining me doing things
(48:13 / All) Blahsmack: my cock trencesnds reality and manifested itself in your mouth
(48:26 / All) TheKohsei: but I don't feel it
(48:32 / All) TheKohsei: which means its not real!!!
(48:37 / All) Blahsmack: quantum physics is trickyl like that
(48:40 / All) TheKohsei: haha!!!
(48:53 / All) TheKohsei: so ur a sexless weirdo
(49:02 / All) Blahsmack: sexless
(49:12 / All) Blahsmack: no gender
(49:15 / All) Blahsmack: or virginity
(49:18 / All) Blahsmack: youre not clear
(49:25 / All) TheKohsei: wow
(49:30 / All) TheKohsei: u even have to elaborate
(49:34 / All) Blahsmack: i knoe
(49:46 / All) TheKohsei: how much of a life do u not have
(49:56 / All) Blahsmack: youare here with me
(50:04 / All) Blahsmack: and thats all tat matters right now baby
(50:04 / All) TheKohsei: yeah
(50:09 / All) Blahsmack: you an me
(50:11 / All) TheKohsei: cuz I got some time left
(50:14 / All) Blahsmack: togetha 4 evah
(50:20 / All) TheKohsei: ...
(50:23 / All) TheKohsei: ok...
(50:32 / All) TheKohsei: kind of creepy
(50:58 / All) Blahsmack: i invited red and grene up here
(51:02 / All) Blahsmack: green
(51:05 / All) Blahsmack: but red refused
(51:06 / All) TheKohsei: k
(51:09 / All) TheKohsei: k
(51:14 / All) Blahsmack: and green had some issues
(51:18 / All) Blahsmack: with management
(51:20 / All) TheKohsei: cuz red knows that its the stupidest idea ever
(51:28 / All) Blahsmack: or smartest
(51:29 / All) Blahsmack: idea
(51:32 / All) Blahsmack: ever
(51:33 / All) TheKohsei: no
(51:38 / All) Blahsmack: yes!
(51:42 / All) TheKohsei: cuz ur a pansy without a penis
(51:50 / All) TheKohsei: and u know it
(51:53 / All) Blahsmack: what ever buddy
(52:00 / All) Blahsmack: have fun thinkign this one out dummy
(52:35 / All) Blahsmack: im sure a man of your mental capabilities is able to solve this problem
(54:12 / All) Blahsmack: nooo you win
(54:16 / All) Blahsmack: youve found my weakness
(54:18 / All) Blahsmack: bats
(54:38 / All) Blahsmack: congrats youve killed : 0 towers
(54:44 / All) Blahsmack: would you like to try again!
(54:51 / All) TheKohsei: shut ur mouth retard
(54:58 / All) Blahsmack: rage quit?
(55:38 / All) Blahsmack: quite a formibable army
(55:43 / All) Blahsmack: OH SHIT
(55:45 / All) Blahsmack: SPELLING
(55:48 / All) Blahsmack: ERRORS
(55:49 / All) Blahsmack: FUCK
(55:55 / All) Blahsmack: IM EXPSPOSED
(56:29 / All) Blahsmack: eat sum units
(56:33 / All) Blahsmack: build some towers
(56:37 / All) Blahsmack: sip some tea
(56:43 / All) Blahsmack: school some scrubs
(57:17 / All) Blahsmack: pro
(57:19 / All) Blahsmack: so pro
(57:36 / All) Blahsmack: youre micro and apm must be over 9000
(57:41 / All) Blahsmack: yout
(57:49 / Allies) Blahsmack: do you give lessons
(57:54 / All) Blahsmack: do you give lessons
(57:58 / All) Blahsmack: if so how much
(58:04 / All) Blahsmack: whats the hourly rate
(58:11 / All) TheKohsei: ?
(58:31 / All) Blahsmack: kohsei your allies
(58:35 / All) TheKohsei: ur the kind of person that needs to be punched in the face
(58:36 / All) Blahsmack: appear to be noobs
(58:39 / All) Blahsmack: ahahaha
(58:52 / All) TheKohsei: r u some 20 year old?
(58:52 / All) Blahsmack: ive already won the mental battle over you
(59:00 / All) TheKohsei: who has absolutely no life?
(59:02 / All) Blahsmack: it doesnt matter
(59:10 / All) Blahsmack: you are defeated
(59:11 / All) TheKohsei: yeah it kind of does
(59:17 / All) TheKohsei: am I
(59:23 / All) Blahsmack: you are in what we call denial
(59:25 / All) TheKohsei: come and win
(59:29 / All) Blahsmack: i dont need to
(59:30 / All) TheKohsei: come and win
(59:36 / All) Blahsmack: im happy in my mountain home
(59:38 / All) TheKohsei: I can wait here all day
(59:42 / All) Blahsmack: then do it
(59:46 / All) TheKohsei: literally
(59:58 / All) Blahsmack: ITS NOT LIKE IVE NEVER ENCOUNTERD SUCH A STRATEGY BEFORE
(60:07 / All) Blahsmack: NO ONE BEFORE YOU HAS MADE SUCH CLAIMS
(60:32 / All) Blahsmack: TRULY IAM IN THE PRESENCE OF A MASTER
(63:03 / All) Blahsmack: nice tree
(63:10 / All) TheKohsei: it was
(63:22 / All) Blahsmack: piece by piece
(63:29 / All) Blahsmack: LITTLE BY LITTLE BY LITTLE
(64:02 / All) Blahsmack: mountain realestate sure is pricey
(64:20 / All) TheKohsei: yay sanctuary!!!
(65:01 / All) TheKohsei: well, I g2g
(65:09 / All) Blahsmack: bye noobs
(65:12 / All) Blahsmack: it was 2ez
(65:12 / All) TheKohsei: I actually sleep like other animals
(65:18 / All) TheKohsei: was it?
(65:22 / All) Blahsmack: sleep is for the weak
(65:36 / All) TheKohsei: sleep is for ppl who wanna live =)